 Dungeon Crawl Stone Soup version 0.30-a0-389-g8d7d949f56 (webtiles) character file.

Game seed: 15450642420018739039

9 PyroL the Grave Robber (level 2, 0/19 HPs)
             Began as a Demonspawn Necromancer on Dec 3, 2022.
             Slain by a jackal (3 damage)
             ... on level 1 of the Dungeon.
             The game lasted 00:01:09 (172 turns).

PyroL the Grave Robber (Demonspawn Necromancer)      Turns: 172, Time: 00:01:10

Health: 0/19       AC:  2    Str:  8    XL:     2   Next: 3%
Magic:  0/5        EV: 12    Int: 16    God:
Gold:   0          SH:  0    Dex: 13    Spells: 4/5 levels left

rFire   . . .      SeeInvis .    c - +0 sling
rCold   . . .      Faith    .    (no shield)
rNeg    . . .      Spirit   .    a - +0 robe
rPois   .          Reflect  .    (no helmet)
rElec   .          Harm     .    (no cloak)
rCorr   .          Rampage  .    (no gloves)
Will    .....                    (no boots)
Stlth   ++........               (no amulet)
HPRegen 0.23/turn                (no ring)
MPRegen 0.09/turn                (no ring)

@: no status effects
A: claws 1
a: no special abilities


You were on level 1 of the Dungeon.
You visited 1 branch of the dungeon, and saw 1 of its levels.

Inventory:

Hand Weapons
 c - a +0 sling (weapon)
Armour
 a - a +0 robe (worn)
Potions
 b - a potion of magic


   Skills:
 - Level 1.7 Dodging
 - Level 1.7 Stealth
 + Level 2.3 Spellcasting
 + Level 4.6 Necromancy


You had 4 spell levels left.
You knew the following spells:

 Your Spells              Type           Power      Damage    Failure   Level
a - Necrotise             Necr           64%        1d7       3%          1

Your spell library contained the following spells:

 Spells                   Type           Power      Damage    Failure   Level
 Vampiric Draining        Necr           16%        2d7       9%          3
 Apportation              Tloc           2%         N/A       21%         1
 Summon Small Mammal      Summ           4%         N/A       21%         1
 Animate Dead             Necr           16%        N/A       28%         4
 Agony                    Necr           16%        N/A       63%         5


Dungeon Overview and Level Annotations

Branches:
Dungeon (1/15)

Altars:


Innate Abilities, Weirdness & Mutations

You have sharp fingernails.


Message History

The sling bullet hits the kobold.
The kobold is moderately wounded.
The jackal barely misses you. The jackal bites you.
* * * LOW HITPOINT WARNING * * *
Sorry, you're not good enough to have a special ability.
Fire: c) +0 sling
Press: ? - help, Q - select action, (/) - cycle Shift-Dir - straight line, f/p - kobold
Aim: a kobold, wielding a +0 dagger (moderately wounded, ally target, 43% to hit)
You shoot a sling bullet.
The sling bullet closely misses the jackal.
The sling bullet hits the kobold.
The kobold is heavily wounded.
The jackal closely misses you. The kobold hits you with a +0 dagger.
* * * LOW HITPOINT WARNING * * *
Your jackal skeleton bites the kobold but does no damage.
The jackal barely misses you. The jackal attacks as you move away!
The jackal closely misses you.
Your jackal skeleton barely misses the kobold.
The kobold barely misses your jackal skeleton.
Your jackal skeleton closely misses the kobold.
The kobold hits your jackal skeleton with a +0 dagger.
Your jackal skeleton barely misses the kobold.
The kobold hits your jackal skeleton with a +0 dagger.
The jackal completely misses you.
You open the door.
Your jackal skeleton closely misses the kobold.
The jackal closely misses you.
The kobold hits your jackal skeleton with a +0 dagger.
Your jackal skeleton bites the kobold but does no damage.
The jackal bites you.
* * * LOW HITPOINT WARNING * * *
There is an open door here.
The jackal attacks as you move away! The jackal barely misses you.
Casting: Necrotise (safe; 3% risk of failure)
Confirm with . or Enter, or press ? or * to list all spells.
Aiming: Necrotise (safe; 3% risk of failure)
Press: ? - help, Shift-Dir - straight line, f - jackal
Aim: a jackal (chance to affect: 86%)
The jackal barely resists.
The jackal misses you. The jackal bites you.
You die...

############
##########..........#
.......@h'..........+
##########K.........#.#
#..........#.#
#..........#.##
#.K........#.##
#.Z........#.##
###..........#.##
#............#.##
+......###...S...


You could see a jackal and a kobold.

Vanquished Creatures
  A bat (D:1)
  An endoplasm (D:1)
  3 jackals (D:1)
  A quokka (D:1)
6 creatures vanquished.

Vanquished Creatures (collateral kills)
  A frilled lizard (D:1)
1 creature vanquished.

Grand Total: 7 creatures vanquished

Notes
Turn   | Place    | Note
-------+----------+-------------------------------------------
     0 | D:1      | PyroL the Demonspawn Necromancer began the quest for the
                  | Orb.
     0 | D:1      | Reached XP level 1. HP: 13/13 MP: 3/3
   156 | D:1      | Gained mutation: You have sharp fingernails. [demonic
                  | ancestry]
   156 | D:1      | Reached XP level 2. HP: 4/19 MP: 0/5
   172 | D:1      | Slain by a jackal

Illustrated notes

Levels and vault maps discovered:
D:1:      minmay_arrival_doors, layout_basic

Action                   || total
-------------------------++-------
Melee: Unarmed           ||    16
 Fire: Sling             ||     2
 Cast: Necrotise         ||    11
Armor: Robe              ||     5
Dodge: Dodged            ||    36

Table legend: (Time is in decaauts)
 A = Elapsed time spent in this place.
 B = Non-inter-level travel time spent in this place.
 C = Inter-level travel time spent in this place.
 D = Time resting spent in this place.
 E = Time spent auto-exploring this place.
 F = Levels seen in this place.
 G = Mean time per level.
                   A        B        C        D        E       F      G
               +--------+--------+--------+--------+--------+-----+--------+
         Total |    172 |    172 |      0 |      0 |     91 |   1 |  172.0 |
       Dungeon |    172 |    172 |      0 |      0 |     91 |   1 |  172.0 |
               +--------+--------+--------+--------+--------+-----+--------+

Top non-repeatable levels by time:
     D:1: 172 daAuts
